AoeStats
← Typhz

Arena

509263321Analyzed
4v4 RM · 6d ago on Sep 26, 2026· 59m 48s· 8 players
Game mode
Random Map
Map size
Large (8 player)
Population
200
Speed
Normal
Resources
Standard
Victory
Conquest
Starting age
Dark Age
Ending age
Imperial Age
RankedLock teamsTeams togetherTeam positionsShared explorationLock speedFull tech treeHidden civsTurbo modeCheats
Victory
Defeat
🇧🇷 Italians · Brazil
780
+14
🇧🇷 Bohemians · Brazil
731
+16
🇧🇷 Lithuanians · Brazil
688
+17
🇧🇷 Bengalis · Brazil
587
+22
🇨🇦 Byzantines · Canada
734
-18
🇺🇸 Japanese · United States
716
-17
🇺🇸 Franks · United States
713
-17
🇨🇦 Varangians · Canada
709
-17
Typhz
3:22 Loom
11:08 Feudal Age
11:38 Double-Bit Axe
11:35 Horse Collar
17:12 Castle Age
16:43 Wheelbarrow
18:04 Heavy Plow
19:09 Bow Saw
20:33 Hand Cart
26:15 Gold Mining
28:17 Man-at-Arms
32:30 Imperial Age
29:35 Elite Skirmisher
30:31 Fletching
32:34 Silk Road
32:13 Heated Shot
32:47 Ballistics
33:00 Caravan
34:17 Two-Man Saw
34:04 Crop Rotation
35:08 Chemistry
35:46 Town Watch
35:57 Stone Mining
36:08 Bodkin Arrow
36:14 Padded Archer Armor
38:24 Stone Shaft Mining
37:56 Bracer
38:11 Leather Archer Armor
38:03 Scale Barding Armor
38:42 Conscription
38:50 Town Patrol
39:17 Husbandry
42:54 Cavalier
47:58 Elite Genoese Crossbowman
54:14 Ring Archer Armor
TheuzzLivee
12:50 Feudal Age
18:40 Castle Age
28:41 Imperial Age
36:52 Forging
36:49 Scale Barding Armor
36:45 Cavalier
48:11 Double-Bit Axe
50:25 Iron Casting
50:11 Chain Barding Armor
49:38 Light Cavalry
52:02 Winged Hussar
54:19 Plate Barding Armor
56:43 Wheelbarrow
57:00 Bloodlines
[taberna] carlos3g
11:03 Feudal Age
12:06 Double-Bit Axe
12:04 Horse Collar
18:34 Castle Age
19:53 Bow Saw
19:46 Heavy Plow
22:59 Town Watch
29:08 Imperial Age
28:51 Chemistry
30:57 Wheelbarrow
31:19 Conscription
32:08 Town Patrol
35:57 Two-Man Saw
37:01 Hand Cart
38:33 Elite Hussite Wagon
40:31 Forging
40:22 Scale Mail Armor
40:13 Fletching
40:23 Padded Archer Armor
40:46 Ballistics
40:33 Siege Engineers
40:40 Wagenburg Tactics
41:40 Houfnice
42:19 Bodkin Arrow
42:59 Iron Casting
42:40 Chain Mail Armor
47:06 Pikeman
47:47 Squires
55:55 Murder Holes
58:37 Sappers
segfault
5:04 Loom
7:11 Loom
12:11 Feudal Age
13:12 Feudal Age
15:18 Wheelbarrow
McCleaveDynasty
1:29 Loom
10:40 Feudal Age
11:20 Double-Bit Axe
11:19 Horse Collar
19:57 Castle Age
18:25 Stone Mining
18:52 Gold Mining
19:15 Fletching
20:47 Forging
20:38 Scale Mail Armor
21:47 Gambesons
23:17 Bow Saw
24:41 Heavy Plow
27:50 Town Watch
29:07 Squires
28:53 Arson
31:08 Iron Casting
31:33 Guard Tower
32:32 Wheelbarrow
32:32 Murder Holes
34:44 Stone Shaft Mining
38:09 Imperial Age
41:13 Hand Cart
43:50 Imperial Age
48:22 Two-Man Saw
49:22 Bloodlines
50:12 Husbandry
51:25 Scale Barding Armor
52:44 Chain Barding Armor
53:56 Cavalier
55:49 Plate Barding Armor
57:18 Blast Furnace
SmokedYoAzz420
0:55 Loom
15:37 Feudal Age
23:48 Castle Age
24:36 Scale Mail Armor
24:47 Forging
24:02 Pikeman
26:50 Arson
28:48 Treadmill Crane
30:00 Iron Casting
29:40 Chain Mail Armor
29:54 Double-Bit Axe
30:03 Gold Mining
30:03 Stone Mining
29:56 Horse Collar
34:42 Fortified Wall
34:28 Murder Holes
34:58 Ballistics
35:57 Bow Saw
37:30 Wheelbarrow
41:08 Town Watch
41:46 Hand Cart
54:01 Imperial Age
51:34 Town Patrol
55:57 Two-Man Saw
Commander Davis
2:33 Loom
16:12 Feudal Age
18:25 Stone Mining
21:11 Castle Age
19:54 Horse Collar
20:56 Double-Bit Axe
22:19 Wheelbarrow
22:40 Bow Saw
24:30 Hand Cart
24:30 Heavy Plow
29:01 Gold Mining
36:05 Imperial Age
34:18 Gold Shaft Mining
36:47 Scale Barding Armor
37:42 Crop Rotation
37:28 Logistica
39:45 Onager
42:33 Two-Man Saw
41:49 Elite Cataphract
42:47 Forging
43:10 Chain Barding Armor
44:07 Iron Casting
44:26 Plate Barding Armor
45:17 Chemistry
53:39 Caravan
54:56 Elite Skirmisher
55:49 Thumb Ring
56:13 Arson
56:29 Squires
56:14 Gambesons
56:00 Pikeman
57:15 Scale Mail Armor
57:05 Fletching
57:16 Padded Archer Armor
58:06 Conscription
58:35 Coinage
58:16 Guilds
57:54 Halberdier
59:06 Bodkin Arrow
59:26 Leather Archer Armor
59:27 Chain Mail Armor
bill.bolding23
10:38 Feudal Age
16:56 Castle Age
15:36 Double-Bit Axe
15:47 Gold Mining
16:56 Scale Barding Armor
18:22 Husbandry
18:48 Bow Saw
22:47 Stone Mining
25:00 Wheelbarrow
26:08 Chain Barding Armor
25:57 Town Watch
27:19 Hand Cart
29:57 Town Patrol
30:50 Ballistics
30:26 Murder Holes
30:49 Treadmill Crane
31:07 Fletching
31:31 Forging
32:10 Gold Shaft Mining
36:35 Imperial Age
35:30 Ordonnance Companies
36:37 Cavalier
37:57 Plate Barding Armor
37:57 Iron Casting
37:19 Bodkin Arrow
39:12 Elite Skirmisher
40:13 Paladin
42:13 Blast Furnace
41:14 Padded Archer Armor
42:18 Chemistry
41:04 Arrowslits
41:30 Masonry
41:26 Siege Engineers
47:14 Conscription
47:56 Chivalry
50:14 Architecture
Connection lost

Rejoining the realm…

Still unreachable

The connection could not be restored.

Session expired

The server has moved on; the page needs a fresh start.